[Event "Early-Titled-Tuesday-Blitz-September-26-2023"]
[Site "Chess.com"]
[Date "2023.09.26"]
[Round "3"]
[White "Maxfan2008"]
[Black "lrestevez"]
[Result "1-0"]
[WhiteElo "2546"]
[BlackElo "2213"]
[TimeControl "180+1"]
[EndTime "8:25:18 PDT"]
[Termination "Maxfan2008 won by resignation"]

1. d4 Nf6 2. c4 e6 3. Nc3 Be7 4.
e4 O-O 5. e5 Ne8 6. Bd3 g6 7.
Bh6 Ng7 8. Nf3 d5 9. h4 c5 10.
dxc5 dxc4 11. Bxc4 Qxd1+ 12. Rxd1 Bxc5 13. Ne4 Bb4+ 14. Ke2 Be7 15. Bg5 Nc6 16. Bxe7 Nxe7 17. Nf6+ Kh8 18.
Ng5 Nh5 19. Ngxh7 Kg7 20. Nxf8 Kxf8 21. Rd8+ 1-0

[Event "Early-Titled-Tuesday-Blitz-September-26-2023"]
[Site "Chess.com"]
[Date "2023.09.26"]
[Round "3"]
[White "vovachesss"]
[Black "chezzgirl04"]
[Result "1-0"]
[WhiteElo "2738"]
[BlackElo "2159"]
[TimeControl "180+1"]
[EndTime "8:25:22 PDT"]
[Termination "vovachesss won by resignation"]

1. e4 e5 2. f4 exf4 3. Bc4 d5 4. Bxd5 Nf6 5. Nc3 c6 6. Bb3 Bc5 7. Nf3 Bg4 8. h3 Bxf3 9. Qxf3 O-O 10. d3 Nh5 11. Qxh5 Bd4 12. Bxf4 Na6 13. O-O-O Qe7 14. Rhf1 Bxc3 15. bxc3 Qa3+ 16. Kb1 b5 17. Bg5 Nc5 18. Be7 1-0

[Event "Early-Titled-Tuesday-Blitz-September-26-2023"]
[Site "Chess.com"]
[Date "2023.09.26"]
[Round "3"]
[White "drdaro"]
[Black "andrzej"]
[Result "0-1"]
[WhiteElo "2268"]
[BlackElo "2463"]
[TimeControl "180+1"]
[EndTime "8:25:22 PDT"]
[Termination "andrzej won by resignation"]

1. Nf3 d5 2. c4 e6 3. e3 Nf6 4. b3 Nbd7 5. Bb2 Bd6 6. d4 dxc4 7. bxc4 c5 8. Nc3 cxd4 9. exd4 O-O 10. Bd3 e5 11.
O-O exd4 12. Nxd4 Nc5 13. Bc2 a6 14. Qf3 Bxh2+ 15. Kxh2 Qxd4 16. Rh1 Bg4 17. Qg3 Bh5 18. Kg1 Bg6 19. Rh4 Qd2 20. Bxg6 fxg6 21. Ba3 Rac8 22.
Rd1 Qc2 23. Nd5 Qxd1+ 0-1

[Event "Early-Titled-Tuesday-Blitz-September-26-2023"]
[Site "Chess.com"]
[Date "2023.09.26"]
[Round "3"]
[White "Masterbeaterr"]
[Black "marcodobrikov"]
[Result "0-1"]
[WhiteElo "2445"]
[BlackElo "2639"]
[TimeControl "180+1"]
[EndTime "8:25:27 PDT"]
[Termination "marcodobrikov won by resignation"]

1. d4 d5 2. c4 e6 3. Nc3 Nf6 4. Nf3 Be7 5. e3 O-O 6. Bd3 a6 7. cxd5 exd5 8. O-O Bg4 9. h3 Bh5 10. Qb3 b5 11. Ne5 Bg6 12. Bxg6 hxg6 13. f3 Bd6 14.
Rd1 c6 15. Bd2 Re8 16. f4 a5 17. Rac1 a4 18. Qc2 a3 19. b3 b4 20. Na4 Ne4 21.
Nxc6 Nxc6 22. Qxc6 Nxd2 23. Rxd2 Rxe3 24. Qxd5 Bxf4 25. Qxd8+ Rxd8 26. Rf1 Re4 27. Rc2 Rexd4 28. Nc5 Be3+ 29. Kh2 Rd2 30. Rxd2 Rxd2 0-1

[Event "Early-Titled-Tuesday-Blitz-September-26-2023"]
[Site "Chess.com"]
[Date "2023.09.26"]
[Round "3"]
[White "Javylavilla"]
[Black "viktorgen2021"]
[Result "1-0"]
[WhiteElo "2310"]
[BlackElo "2479"]
[TimeControl "180+1"]
[EndTime "8:25:30 PDT"]
[Termination "Javylavilla won by resignation"]

1. e4 c6 2. d4 d5 3. e5 Bf5 4. Nc3 e6 5. g4 Bg6 6. Nge2 f6 7. Nf4 Bf7 8. exf6 gxf6 9. Be3 e5 10. Nfe2 Bh6 11. Bxh6 Nxh6 12. g5 Nf5 13. dxe5 fxe5 14. Qd2 O-O 15. O-O-O Qa5 16. a3 b5 17. Bh3 Bg6 18. Ng3 Nd4 19. f4 Bxc2 20. Be6+ Kh8 21. Qe3 Qc7 22. Rxd4 exd4 23. Qxd4+ Qg7 24. Qxg7+ Kxg7 25. Kxc2 Rxf4 26. Nh5+ 1-0

[Event "Early-Titled-Tuesday-Blitz-September-26-2023"]
[Site "Chess.com"]
[Date "2023.09.26"]
[Round "3"]
[White "viktorskliarov"]
[Black "CalinGheorghiu"]
[Result "1-0"]
[WhiteElo "2656"]
[BlackElo "2360"]
[TimeControl "180+1"]
[EndTime "8:25:31 PDT"]
[Termination "viktorskliarov won by resignation"]

1. e4 c5 2. Nf3 d6 3. d4 cxd4 4.
Qxd4 Nc6 5. Bb5 Bd7 6. Bxc6 Bxc6 7. Nc3 Nf6 8. Bg5 e6 9. O-O-O Be7 10. Rhe1 O-O 11.
Kb1 Qa5 12. Qd2 Rfd8 13. Nd4 Rac8 14. f3 Be8 15. Nd5 Qxd2 16. Nxe7+ Kf8 17. Bxd2 Kxe7 18.
e5 Nd5 19. Bg5+ f6 20. exf6+ gxf6 21. Nxe6 1-0

[Event "Early-Titled-Tuesday-Blitz-September-26-2023"]
[Site "Chess.com"]
[Date "2023.09.26"]
[Round "3"]
[White "Chesstar"]
[Black "InitiatingASC"]
[Result "0-1"]
[WhiteElo "2067"]
[BlackElo "2347"]
[TimeControl "180+1"]
[EndTime "8:25:31 PDT"]
[Termination "InitiatingASC won by resignation"]

1. g3 Nc6 2. Bg2 Nf6 3. b3 e6 4. Bb2 b6 5. d4 Bb7 6. c4 Bb4+ 7.
Bc3 Bxc3+ 8. Nxc3 O-O 9. e4 d6 10. Nge2 e5 11. d5 Ne7 12. O-O Ne8 13. f4 exf4 14.
Nxf4 Ng6 15. Qe2 Nf6 16. Nxg6 hxg6 17. e5 Re8 18. Rxf6 gxf6 19. e6 Qe7 20. Qg4 Kg7 21. Re1 f5 22. Qf4 Qf6 23. Nd1 fxe6 24. dxe6 Bxg2 25. Kxg2 Rxe6 26. Rxe6 Qxe6 0-1

[Event "Early-Titled-Tuesday-Blitz-September-26-2023"]
[Site "Chess.com"]
[Date "2023.09.26"]
[Round "3"]
[White "MMAHDI2013"]
[Black "leejunhyeok"]
[Result "0-1"]
[WhiteElo "2262"]
[BlackElo "2651"]
[TimeControl "180+1"]
[EndTime "8:25:32 PDT"]
[Termination "leejunhyeok won by resignation"]

1. Nf3 d6 2. d4 Nf6 3. c4 Nbd7 4. b3 e5 5. Bb2 e4 6. Nfd2 e3 7. fxe3 Ng4 8. Nf3 Nxe3 9. Qd3 Nxf1 10. Rxf1 Be7 11.
Nc3 O-O 12. O-O-O a6 13. e4 b5 14. cxb5 axb5 15. a3 Nb6 16. Kb1 d5 17. e5 Bxa3 18. Bxa3 Rxa3 19. Kb2 b4 20. Nb5 Ba6 21. Rfe1 c6 22. e6 fxe6 23. Qe3 Nc4+ 0-1

[Event "Early-Titled-Tuesday-Blitz-September-26-2023"]
[Site "Chess.com"]
[Date "2023.09.26"]
[Round "3"]
[White "WindWhistler11"]
[Black "AsselLesbekova"]
[Result "1-0"]
[WhiteElo "2468"]
[BlackElo "2273"]
[TimeControl "180+1"]
[EndTime "8:25:42 PDT"]
[Termination "WindWhistler11 won by resignation"]

1. Nf3 d5 2. c4 e6 3. g3 a6 4. Bg2 dxc4 5. a4 Nc6 6. O-O Nf6 7. Na3 Bxa3 8. Rxa3 Bd7 9. b3 cxb3 10. Rxb3 Na5 11. Rd3 Qe7 12. Ba3 c5 13. Ne5 Nc6 14. Nxc6 Bxc6 15.
Bxc6+ bxc6 16. Qc2 Nd7 17. Rb1 Rb8 18. Rxb8+ Nxb8 19. Bxc5 Qc7 20. Bd6 Qc8 21. Bxb8 Qxb8 22. Qxc6+ Kf8 23.
Qc5+ Kg8 24. Qe7 1-0

[Event "Early-Titled-Tuesday-Blitz-September-26-2023"]
[Site "Chess.com"]
[Date "2023.09.26"]
[Round "3"]
[White "Aleksandar-Topalov"]
[Black "Boundless_Strike"]
[Result "1-0"]
[WhiteElo "2395"]
[BlackElo "2592"]
[TimeControl "180+1"]
[EndTime "8:25:48 PDT"]
[Termination "Aleksandar-Topalov won on time"]

1. b3 e5 2. Bb2 Nc6 3. c4 Nf6 4. e3 a6 5. Nf3 e4 6. Nd4 Ne5 7. Be2 c5 8. Nf5 d6 9. Ng3 h5 10. Bxe5 dxe5 11. Nc3 h4 12. Ngxe4 Nxe4 13. Nxe4 Bf5 14. Nc3 e4 15. Bg4 Bg6 16. Nd5 1-0

[Event "Early-Titled-Tuesday-Blitz-September-26-2023"]
[Site "Chess.com"]
[Date "2023.09.26"]
[Round "3"]
[White "imdvb6307"]
[Black "campochess"]
[Result "1-0"]
[WhiteElo "2455"]
[BlackElo "2206"]
[TimeControl "180+1"]
[EndTime "8:25:55 PDT"]
[Termination "imdvb6307 won by resignation"]

1. d4 Nf6 2. Nf3 g6 3. c4 Bg7 4. Nc3 d5 5. Bf4 c6 6. e3 Nbd7 7. h3 O-O 8. cxd5 Nxd5 9. Nxd5 cxd5 10. Be2 Nf6 11. O-O Ne4 12. Qb3 b6 13. Rfc1 h6 14. Bc7 Qd7 15. Bb5 Qe6 16. Bc6 Ba6 17. Bxd5 Qf5 18.
Bxa8 Rxa8 19. Rc2 Rc8 20. Rac1 Rxc7 21. Rxc7 Be2 22. Rxe7 Bxf3 23. Qxf7+ Qxf7 24. Rxf7 Kxf7 25. gxf3 Nd2 26. Rc7+ Kg8 27. Rxa7 Nxf3+ 28. Kg2 Ng5 29. Rb7 1-0

[Event "Early-Titled-Tuesday-Blitz-September-26-2023"]
[Site "Chess.com"]
[Date "2023.09.26"]
[Round "3"]
[White "verrbaa"]
[Black "SharapovEvgeny"]
[Result "0-1"]
[WhiteElo "2408"]
[BlackElo "2614"]
[TimeControl "180+1"]
[EndTime "8:26:00 PDT"]
[Termination "SharapovEvgeny won by resignation"]

1. e4 c5 2. Nf3 d6 3. d4 cxd4 4. Nxd4 Nf6 5. Nc3 Nc6 6. Bc4 Qb6 7. Nb3 e5 8. Be3 Qd8 9. O-O Be7 10. Kh1 O-O 11. f4 a6 12. a4 Be6 13. Bd5 exf4 14.
Rxf4 Bxd5 15. exd5 Ne5 16. a5 Ng6 17. Rf3 Nd7 18.
Qe2 Bg5 19. Bd4 Bf6 20. Bg1 Re8 21. Qf1 Nde5 22. Rf5 Nh4 23. Rf4 Bg5 24. Bb6 Qd7 25.
Re4 f5 26. Ree1 Ng4 27. Qd3 Be3 28. h3 Nf2+ 29. Kh2 Nxd3 30. cxd3 Bxb6 0-1

[Event "Early-Titled-Tuesday-Blitz-September-26-2023"]
[Site "Chess.com"]
[Date "2023.09.26"]
[Round "3"]
[White "TheRigos"]
[Black "spotbet"]
[Result "0-1"]
[WhiteElo "2573"]
[BlackElo "2378"]
[TimeControl "180+1"]
[EndTime "8:26:01 PDT"]
[Termination "spotbet won by resignation"]

1. e4 e6 2. d4 d5 3. Nd2 c5 4.
Ngf3 cxd4 5. Nxd4 Nc6 6. Bb5 Bd7 7. Nxc6 bxc6 8. Bd3 Bd6 9. Qe2 Qc7 10. Nf3 Ne7 11. O-O O-O 12. c4 Ng6 13. b3 Ne5 14. g3 Nxd3 15. Qxd3 dxe4 16. Qxe4 c5 17. Bb2 Bc6 18. Qg4 f5 19. Qh5 g6 20. Qh6 Bxf3 21. Rfe1 Rfe8 22. Re3 Bb7 23. Rd1 Bf8 24. Qh4 Bg7 25.
Bxg7 Kxg7 26. Red3 Re7 27. Rd6 Bd5 28. Ra6 Bf3 29. Rdd6 Bb7 30. Rxe6 Rae8 31. Qf6+ Kg8 32. Rad6 Qxd6 0-1

[Event "Early-Titled-Tuesday-Blitz-September-26-2023"]
[Site "Chess.com"]
[Date "2023.09.26"]
[Round "3"]
[White "Hilary46"]
[Black "kereswasbest"]
[Result "1-0"]
[WhiteElo "2575"]
[BlackElo "2278"]
[TimeControl "180+1"]
[EndTime "8:26:05 PDT"]
[Termination "Hilary46 won by resignation"]

1. e4 e5 2. Nf3 Nc6 3. Bb5 Nf6 4. O-O Nxe4 5. Re1 Nd6 6. Nxe5 Be7 7. Bd3 O-O 8. Nc3 Nxe5 9. Rxe5 Bf6 10. Re3 Re8 11. Nd5 Rxe3 12. fxe3 c6 13. Nxf6+ Qxf6 14. Rb1 Nf5 15. Qf3 d5 16. g4 Nh4 17. Qxf6 gxf6 18.
h3 f5 19. gxf5 Bxf5 20. Bxf5 Nxf5 21. Kf2 f6 22. d3 Kf7 23. Bd2 Rg8 24. Rg1 Rxg1 25.
Kxg1 Kg6 26. Kg2 h5 27. Kf3 Nd6 28. Kf4 Nc8 29. e4 Ne7 30. Bb4 Nc8 31. exd5 cxd5 32.
Bc5 Nb6 33. Bxb6 axb6 34. c4 dxc4 35. dxc4 f5 36. h4 Kf6 37. b3 Ke6 38. b4 Kf6 39. a3 Ke6 40. a4 Kf6 41. c5 bxc5 42. bxc5 Ke6 43. a5 Kd5 44. Kxf5 Kxc5 45. Kg5 Kb5 46. Kxh5 Kxa5 47. Kg4 b5 48. h5 b4 49. h6 b3 50. h7 b2 51. h8=Q b1=Q 52. Qa8+ Kb4 53. Qb8+ Kc3 54. Qxb1 1-0

[Event "Early-Titled-Tuesday-Blitz-September-26-2023"]
[Site "Chess.com"]
[Date "2023.09.26"]
[Round "3"]
[White "LangesNasenhaar"]
[Black "Willychess95"]
[Result "1-0"]
[WhiteElo "2495"]
[BlackElo "2711"]
[TimeControl "180+1"]
[EndTime "8:26:06 PDT"]
[Termination "LangesNasenhaar won by resignation"]

1. d4 f5 2. Nc3 Nf6 3. Bg5 e6 4. e4 fxe4 5. Nxe4 Be7 6. Bxf6 Bxf6 7. Nf3 O-O 8. Bd3 Nc6 9. c3 d5 10. Nxf6+ Qxf6 11. Qe2 Bd7 12. Ne5 Nxe5 13. dxe5 Qh6 14.
O-O c5 15. Bb5 Bxb5 16. Qxb5 b6 17. Rae1 Rf7 18. Qc6 Raf8 19. Re2 Qg6 20. h3 h5 21. Qa4 Qg5 22. Qc2 Rf4 23. Qd2 h4 24. Qd3 Rf3 25. Qd2 Qg6 26. Kh1 Rxh3+ 27. gxh3 Rf3 28. Re3 Qf5 29. Rxf3 Qxf3+ 30. Kh2 1-0

[Event "Early-Titled-Tuesday-Blitz-September-26-2023"]
[Site "Chess.com"]
[Date "2023.09.26"]
[Round "3"]
[White "ApoIogiA"]
[Black "noblerone"]
[Result "0-1"]
[WhiteElo "2290"]
[BlackElo "2499"]
[TimeControl "180+1"]
[EndTime "8:26:09 PDT"]
[Termination "noblerone won by resignation"]

1. e4 c5 2. Nf3 e6 3. d4 cxd4 4.
Nxd4 Qb6 5. Nb3 Qc7 6. Be3 Nf6 7. Nc3 Bb4 8. Qd3 d5 9. exd5 Nxd5 10. Bd2 Nxc3 11. Bxc3 Bxc3+ 12. bxc3 Nd7 13. Be2 Ne5 14. Qd4 O-O 15. Rd1 b6 16. f4 Ng6 17.
Bf3 Bb7 18. Bxb7 Qxb7 19. O-O Rac8 20. Rd3 Nh4 21. Rg3 Nf5 22. Qe5 Nxg3 23. hxg3 Qc7 24. Qe4 Qxc3 25. Rf2 Rcd8 26. Kh2 Qf6 27. g4 Qh4+ 0-1

[Event "Early-Titled-Tuesday-Blitz-September-26-2023"]
[Site "Chess.com"]
[Date "2023.09.26"]
[Round "3"]
[White "colegiodemadrid"]
[Black "djokovic74"]
[Result "0-1"]
[WhiteElo "2471"]
[BlackElo "2692"]
[TimeControl "180+1"]
[EndTime "8:26:12 PDT"]
[Termination "djokovic74 won by resignation"]

1. e4 e6 2. d4 d5 3. e5 c5 4. c3 Nc6 5. Nf3 Nge7 6. a3 Nf5 7. b4 cxd4 8. cxd4 Bd7 9. Bb2 b5 10. Nbd2 a5 11. Bxb5 axb4 12. a4 Na5 13. O-O Be7 14. Rc1 O-O 15. Qe2 Rb8 16. g4 Nh4 17. Nxh4 Bxh4 18. f4 Be7 19. f5 Bg5 20. Rc5 Bxd2 21. Qxd2 Nb3 22. Qxb4 Nxc5 23. Qxc5 Bxb5 24. axb5 Qg5 25.
h3 Qe3+ 26. Kg2 Qe4+ 27. Kg1 Qe3+ 28. Kg2 Qe2+ 29. Rf2 Qxb5 30. Qxb5 Rxb5 31. Ba3 Ra8 32. Bc5 Rab8 33. fxe6 fxe6 34. Kg3 g5 35. Rf6 Rb3+ 36.
Kg2 Ra8 37. Rf2 Rab8 38. Rf6 Rc3 39. Rf3 Rb2+ 40. Kg3 Rbb3 41. Rxc3 Rxc3+ 42. Kg2 Re3 43. Bb6 Re4 44. Bc5 Kf7 45. Bb6 Ke8 46. Bc5 Kd7 47.
Ba7 Kc6 48. Bc5 Rxe5 0-1

[Event "Early-Titled-Tuesday-Blitz-September-26-2023"]
[Site "Chess.com"]
[Date "2023.09.26"]
[Round "3"]
[White "Witty_Alien"]
[Black "emeli_chess"]
[Result "1-0"]
[WhiteElo "2207"]
[BlackElo "2362"]
[TimeControl "180+1"]
[EndTime "8:26:14 PDT"]
[Termination "Witty_Alien won by resignation"]

1. e4 c5 2. Nf3 d6 3. d4 cxd4 4. c3 d3 5. Bxd3 Nc6 6. O-O Nf6 7. c4 e6 8. Nc3 a6 9. Re1 Be7 10. b3 O-O 11. Bb2 Qc7 12. Rc1 Ne5 13. Bb1 Nxf3+ 14.
Qxf3 b6 15. e5 Bb7 16. Nd5 exd5 17. exf6 Bxf6 18. Qf5 1-0

[Event "Early-Titled-Tuesday-Blitz-September-26-2023"]
[Site "Chess.com"]
[Date "2023.09.26"]
[Round "3"]
[White "Mikasinski"]
[Black "Cheer_Down"]
[Result "1-0"]
[WhiteElo "2710"]
[BlackElo "2476"]
[TimeControl "180+1"]
[EndTime "8:26:19 PDT"]
[Termination "Mikasinski won by checkmate"]

1. e4 c5 2. Nf3 d6 3. d4 cxd4 4. Nxd4 Nf6 5. Nc3 a6 6. Rg1 h5 7. h3 e5 8. Nb3 Be6 9. g4 hxg4 10. hxg4 d5 11. exd5 Nxd5 12. Nxd5 Qxd5 13. Qxd5 Bxd5 14. Be3 Nc6 15. O-O-O O-O-O 16. Bb6 Rd7 17. c3 Bf3 18. Rxd7 Kxd7 19. Bc4 f6 20. Nd2 Rh3 21. Nxf3 Rxf3 22. g5 Rf4 23. Bd5 e4 24. gxf6 gxf6 25. Be3 Rh4 26. Rg8 Be7 27. Rg7 Kd6 28. Bb3 Ne5 29. Kd2 f5 30. Ke2 f4 31. Bd4 Nf3 32. Rg6+ Kc7 33.
Bb6+ Kd7 34. Ba4+ Kc8 35. Rg8+ Bd8 36. Rxd8# 1-0

[Event "Early-Titled-Tuesday-Blitz-September-26-2023"]
[Site "Chess.com"]
[Date "2023.09.26"]
[Round "3"]
[White "CraiggoryC"]
[Black "AsaHoffmann"]
[Result "1-0"]
[WhiteElo "2252"]
[BlackElo "2402"]
[TimeControl "180+1"]
[EndTime "8:26:19 PDT"]
[Termination "CraiggoryC won by checkmate"]

1. e4 d6 2. d4 Nf6 3. Nc3 c6 4. f4 Qa5 5. e5 Ne4 6. Qf3 Bf5 7. Bd3 d5 8. Ne2 e6 9. O-O Nxc3 10.
bxc3 g6 11. g4 Bxd3 12. cxd3 Nd7 13. f5 gxf5 14. gxf5 O-O-O 15. fxe6 fxe6 16. Qf7 Qb5 17. Nf4 Bh6 18. Nxe6 Rdg8+ 19. Kh1 Bxc1 20. Raxc1 Qxd3 21. Qxd7+ Kxd7 22. Nc5+ Ke7 23. Nxd3 b6 24. Rf6 Rc8 25.
Rg1 Rhf8 26. Rg7+ Ke8 27. Rxh7 Rg8 28. Nf4 c5 29. Nxd5 cxd4 30. Re7+ Kd8 31. Rd6# 1-0

[Event "Early-Titled-Tuesday-Blitz-September-26-2023"]
[Site "Chess.com"]
[Date "2023.09.26"]
[Round "3"]
[White "Khromkin"]
[Black "melissa_guez"]
[Result "1-0"]
[WhiteElo "2349"]
[BlackElo "2064"]
[TimeControl "180+1"]
[EndTime "8:26:23 PDT"]
[Termination "Khromkin won by checkmate"]

1. d4 d5 2. c4 c6 3. Nf3 Nf6 4. Nc3 e6 5. Bg5 h6 6. Bxf6 Qxf6 7. e4 dxe4 8. Nxe4 Qe7 9. Bd3 g6 10. O-O Bg7 11. Re1 O-O 12. c5 Nd7 13. Nd6 Nf6 14.
Ne5 Nd5 15. a3 b6 16. b4 bxc5 17. bxc5 Qc7 18. Qg4 a5 19. Nxg6 fxg6 20. Qxg6 Nf6 21. Re3 Ba6 22. Bc2 Rfd8 23. Rg3 Kf8 24. Re1 Ra7 25. Rxe6 Qb8 26. Rxf6+ Bxf6 27. Qg8+ Ke7 28. Qf7# 1-0

[Event "Early-Titled-Tuesday-Blitz-September-26-2023"]
[Site "Chess.com"]
[Date "2023.09.26"]
[Round "3"]
[White "Darko-Dimitrijevic"]
[Black "IPAchess"]
[Result "1-0"]
[WhiteElo "2182"]
[BlackElo "2320"]
[TimeControl "180+1"]
[EndTime "8:26:24 PDT"]
[Termination "Darko-Dimitrijevic won by resignation"]

1. d4 d5 2. c4 e6 3. Nc3 Nf6 4. Nf3 Bb4 5. e3 O-O 6. Be2 c5 7. dxc5 Nbd7 8. O-O Nxc5 9. cxd5 Bxc3 10. bxc3 Nxd5 11.
Bb2 Bd7 12. c4 Nf6 13. Ne5 Ba4 14. Qe1 Qc7 15. Qb4 a5 16. Qa3 Rfd8 17. Bd4 Bc2 18.
Rac1 Be4 19. Qxc5 Qxc5 20. Bxc5 Rd2 21. Bf3 Bxf3 22. gxf3 Rxa2 23. Rb1 Rc8 24. Rxb7 h5 25. Bd4 a4 26. Ra7 h4 27. Kg2 Ne8 28.
c5 Nc7 29. Rc1 f6 30. Nc4 e5 31. Ba1 Nd5 32. Rd1 Nc7 33. Nd6 h3+ 34. Kg3 1-0

[Event "Early-Titled-Tuesday-Blitz-September-26-2023"]
[Site "Chess.com"]
[Date "2023.09.26"]
[Round "3"]
[White "Misticpikachu"]
[Black "Bodhanas"]
[Result "1-0"]
[WhiteElo "2530"]
[BlackElo "2038"]
[TimeControl "180+1"]
[EndTime "8:26:25 PDT"]
[Termination "Misticpikachu won by checkmate"]

1. c4 d6 2. Nf3 c5 3. Nc3 Nf6 4. g3 Nc6 5. Bg2 g6 6. O-O Bg7 7. d4 cxd4 8. Nxd4 Nxd4 9. Qxd4 O-O 10. b3 a6 11. Bb2 Rb8 12. Rfd1 Bf5 13. Rac1 Qd7 14.
Nd5 Rbd8 15. Qd2 Nxd5 16. Bxg7 Kxg7 17. Qxd5 Bh3 18. Qxb7 Bxg2 19. Qxd7 Rxd7 20. Kxg2 Rc7 21. Rd5 Rb8 22. e4 Rb6 23. e5 Rc5 24. Rxc5 dxc5 25. Rd1 a5 26. Rd7 a4 27. Rxe7 axb3 28. axb3 Rxb3 29.
e6 Kf6 30. Rxf7+ Kxe6 31. Rxh7 Rc3 32. Rh4 g5 33. Rh5 Kf5 34. h4 Rxc4 35. Rxg5+ Kf6 36.
Rg8 Rc1 37. Rc8 c4 38. h5 c3 39. h6 Kg6 40. Rc6+ Kh7 41. g4 Ra1 42. g5 Ra5 43. f4 Ra4 44. Kg3 Ra3 45. Kg4 Ra1 46. Rc7+ Kg8 47.
Rxc3 Rg1+ 48. Kf5 Rf1 49. Kg6 Rxf4 50. Rc8+ Rf8 51. h7+ Kh8 52. Rxf8# 1-0

[Event "Early-Titled-Tuesday-Blitz-September-26-2023"]
[Site "Chess.com"]
[Date "2023.09.26"]
[Round "3"]
[White "moro182"]
[Black "FREDERICKtheMATE"]
[Result "1-0"]
[WhiteElo "2817"]
[BlackElo "2586"]
[TimeControl "180+1"]
[EndTime "8:26:30 PDT"]
[Termination "moro182 won by resignation"]

1. d4 Nf6 2. Bf4 d5 3. e3 e6 4.
Nf3 Bd6 5. Nbd2 O-O 6. Bd3 c5 7. c3 Nc6 8. dxc5 Bxc5 9. O-O Bd6 10. Bxd6 Qxd6 11. e4 e5 12. exd5 Qxd5 13. Qc2 h6 14. Rfe1 Bg4 15. Bc4 Qd6 16. h3 Bxf3 17. Nxf3 e4 18.
Nd2 Ne5 19. Nxe4 Nxe4 20. Qxe4 Nxc4 21. Qxc4 Qb6 22. Re2 Rac8 23. Qb3 Rfe8 24. Rxe8+ Rxe8 25. Qxb6 axb6 26. Kf1 Kf8 27. Rd1 Ra8 28. a3 Ke7 29. Rd5 Ke6 30. Rb5 Ra6 31. Ke2 Kd6 32. Kd3 g6 33. Rb4 Kc6 34. Rf4 f5 35. g4 Ra5 36.
gxf5 gxf5 37. Rh4 Rd5+ 38. Ke3 Rd6 39. Rh5 Re6+ 40. Kf3 Kd5 41. Rxf5+ Kc4 42. Rf4+ Kd3 43. Rd4+ Kc2 44. Rb4 Kd3 45. Kg4 Rg6+ 46. Kh5 Rf6 47. f4 Kc2 48. Kg4 Rg6+ 49. Kf5 Rc6 50. Ke5 Kd3 51. f5 Rc5+ 52. Kf6 1-0

[Event "Early-Titled-Tuesday-Blitz-September-26-2023"]
[Site "Chess.com"]
[Date "2023.09.26"]
[Round "3"]
[White "Cambek64"]
[Black "NowInChess"]
[Result "1-0"]
[WhiteElo "2468"]
[BlackElo "2255"]
[TimeControl "180+1"]
[EndTime "8:26:31 PDT"]
[Termination "Cambek64 won on time"]

1. e4 e6 2. d3 d5 3. Qe2 Nf6 4. e5 Nfd7 5. f4 c5 6. Nf3 Nc6 7. g3 Be7 8. Bg2 O-O 9. O-O a6 10. c4 d4 11. Nbd2 f5 12. exf6 Nxf6 13. Ne4 Nxe4 14.
Qxe4 Bf6 15. Bd2 Rb8 16. Rae1 Ne7 17. Ng5 Bxg5 18. fxg5 Rxf1+ 19. Rxf1 b5 20. b3 bxc4 21. dxc4 Nf5 22. g4 Nh4 23. Qf4 Bd7 24. Qf7+ Kh8 25. Be4 Qe8 26. Qf2 Ng6 27. h4 Qf8 28. Qg3 Qe8 29.
h5 Nf8 30. Bf4 Rc8 31. Be5 1-0

[Event "Early-Titled-Tuesday-Blitz-September-26-2023"]
[Site "Chess.com"]
[Date "2023.09.26"]
[Round "3"]
[White "LeoWin2012"]
[Black "Shockerlover"]
[Result "1-0"]
[WhiteElo "2337"]
[BlackElo "1991"]
[TimeControl "180+1"]
[EndTime "8:26:32 PDT"]
[Termination "LeoWin2012 won on time"]

1. d4 Nf6 2. c4 g6 3. Nc3 Bg7 4. e4 d6 5. Nf3 O-O 6. h3 Nc6 7. Be3 e5 8. d5 Ne7 9. Be2 Ne8 10. g4 a5 11. a3 f5 12. gxf5 gxf5 13. exf5 Nxf5 14. Bg5 Qd7 15. Qd2 h6 16. Be3 Nxe3 17.
fxe3 e4 18. Nxe4 Qf5 19. Nc3 Nf6 20. Nd4 Qg6 21. O-O-O Ne4 22. Qc2 Bf5 23. Nxf5 Qxf5 24. Qxe4 Qf6 25. Qe6+ Qxe6 26. dxe6 Rae8 27. Bg4 Rf2 28.
Rhf1 Rg2 29. Rd2 Rxd2 30. Kxd2 c6 31. Rf7 b5 32. cxb5 cxb5 33. Nxb5 Bxb2 34. Nxd6 1-0

[Event "Early-Titled-Tuesday-Blitz-September-26-2023"]
[Site "Chess.com"]
[Date "2023.09.26"]
[Round "3"]
[White "Rozhkov_V"]
[Black "cthake"]
[Result "1-0"]
[WhiteElo "2398"]
[BlackElo "1873"]
[TimeControl "180+1"]
[EndTime "8:26:33 PDT"]
[Termination "Rozhkov_V won by checkmate"]

1. e4 c5 2. Nf3 Nc6 3. d4 cxd4 4.
Nxd4 Nf6 5. Nc3 e5 6. Ndb5 d6 7. Bg5 a6 8. Na3 b5 9. Bxf6 gxf6 10. Nd5 f5 11. g3 Be6 12. Bg2 Rc8 13. c3 Bg7 14. O-O O-O 15. exf5 Bxf5 16. Nc2 Ne7 17.
Ncb4 Nxd5 18. Nxd5 Be6 19. a4 Rb8 20. axb5 Rxb5 21.
Rxa6 Rxb2 22. Rxd6 Qb8 23. c4 Kh8 24. Rc6 Rd8 25. Qh5 Rc8 26. Be4 f5 27. Rxe6 fxe4 28. Re7 Rb7 29. Nf6 Bxf6 30. Qxh7# 1-0

[Event "Early-Titled-Tuesday-Blitz-September-26-2023"]
[Site "Chess.com"]
[Date "2023.09.26"]
[Round "3"]
[White "fastestmindalive"]
[Black "xxysoul6"]
[Result "0-1"]
[WhiteElo "2707"]
[BlackElo "3024"]
[TimeControl "180+1"]
[EndTime "8:26:38 PDT"]
[Termination "xxysoul6 won on time"]

1. e4 e5 2. Nf3 Nf6 3. Nc3 Bb4 4.
Nxe5 O-O 5. Nd3 Bxc3 6. dxc3 Nxe4 7. Be2 d6 8. O-O Nd7 9. Bf3 Re8 10. c4 b6 11. b3 Bb7 12. Bb2 a5 13. a4 Qg5 14. Bxe4 Bxe4 15. f3 Qe3+ 16. Nf2 Bg6 17. Bd4 Qe2 18. Rc1 Nc5 19. Nh3 Qxd1 20. Rfxd1 Re2 21.
Bxc5 bxc5 22. Nf4 Rxc2 23. Nxg6 Rxc1 24. Rxc1 hxg6 25. Kf2 Re8 26. Rd1 g5 27. Rd5 f6 28.
Rd3 Kf7 29. h3 f5 30. Kf1 Kf6 31. Kf2 f4 32. Rd5 g6 33. Rd3 Ke6 34. Rd2 Rb8 35. Rd3 c6 36. Ke2 d5 37. Rc3 Kd6 38. Rd3 Rb4 39. Kd2 Ke5 0-1

[Event "Early-Titled-Tuesday-Blitz-September-26-2023"]
[Site "Chess.com"]
[Date "2023.09.26"]
[Round "3"]
[White "Gabix_94"]
[Black "brm72"]
[Result "1-0"]
[WhiteElo "2707"]
[BlackElo "2529"]
[TimeControl "180+1"]
[EndTime "8:26:40 PDT"]
[Termination "Gabix_94 won by resignation"]

1. e4 c5 2. Nf3 d6 3. Nc3 Nf6 4. e5 dxe5 5. Nxe5 Nbd7 6. Bb5 a6 7. Bxd7+ Bxd7 8. d4 e6 9. Be3 Qc7 10. Qf3 Bd6 11. Nxd7 Nxd7 12. O-O-O O-O 13. Ne4 Be7 14.
d5 exd5 15. Rxd5 Rad8 16. Rhd1 Nf6 17. Nxf6+ Bxf6 18. Bxc5 Rxd5 19. Rxd5 Re8 20. Be3 Rc8 21. Qe4 h6 22. Rc5 Qd7 23. Rxc8+ Qxc8 24. c3 b5 25. Kc2 Qc7 26. g3 h5 27. Qa8+ Kh7 28. Qxa6 Qe5 29.
Qc6 Qf5+ 30. Kd2 b4 31. cxb4 Bxb2 32. Qc2 Qxc2+ 33. Kxc2 Be5 34. a4 Kg6 35. a5 Kf6 36. a6 1-0